 Dungeon Crawl Stone Soup version 0.21.1-1-g345015f (webtiles) character file.

42 inc the Chiller (level 3, -1/21 HPs)
             Began as an Octopode Ice Elementalist on June 17, 2018.
             Slain by a goblin
             ... wielding a +0 club
              (6 damage)
             ... on level 2 of the Dungeon.
             The game lasted 00:01:49 (1280 turns).

inc the Chiller (Octopode Ice Elementalist)         Turns: 1280, Time: 00:01:50

Health: -1/21      AC:  1    Str:  7    XL:     3   Next: 56%
Magic:  4/6        EV: 13    Int: 18    God:
Gold:   66         SH:  0    Dex: 12    Spells: 5/6 levels left

rFire    . . .     SeeInvis .   (no weapon)
rCold    . . .     Gourm    .   (no shield)
rNeg     . . .     Faith    .   (helmet restricted)
rPois    .         Spirit   .   (no amulet)
rElec    .         Reflect  .   h - +1 ring of slaying
rCorr    .         Harm     .   (no ring)
MR       .....                  (no ring)
Stlth    +++.......             (no ring)
HPRegen  0.07/turn              (no ring)
MPRegen  0.10/turn              (no ring)
                                (no ring)
                                (no ring)

@: no status effects
A: almost no armour, stealthy swim, amphibious, 8 rings, constrict 8, camouflage
1, gelatinous body 1
a: no special abilities


You were on level 2 of the Dungeon.
You were hungry.

You visited 1 branch of the dungeon, and saw 2 of its levels.

You collected 66 gold pieces.

Inventory:

Jewellery
 h - a +1 ring of slaying (left tentacle)
Scrolls
 c - a scroll of enchant weapon {unknown}
 d - a scroll of identify {unknown}
 e - 2 scrolls of fear {unknown}
Potions
 f - 2 potions of heal wounds {unknown}
 g - a potion of berserk rage {unknown}
 i - a potion of curing {unknown}
Books
 a - a book of Frost

   Spells                             Type                      Level
   a - Freeze                         Ice                          1
   b - Throw Frost                    Conjuration/Ice              2
   c - Ozocubu's Armour               Charms/Ice                   3
   d - Throw Icicle                   Conjuration/Ice              4
   e - Summon Ice Beast               Ice/Summoning                4
Comestibles
 b - 2 rations


   Skills:
 - Level 2.0 Dodging
 - Level 2.6 Stealth
 - Level 2.0 Spellcasting
   Level 1.0 Conjurations
 + Level 4.5 Ice Magic


You had 5 spell levels left.
You knew the following spells:

 Your Spells              Type           Power        Failure   Level  Hunger
a - Freeze                Ice            ###.         2%          1    #......


Dungeon Overview and Level Annotations

Branches:
Dungeon (2/15)

Altars:


Innate Abilities, Weirdness & Mutations

You cannot wear most types of armour.
You are very stealthy in the water. (Stealth+)
You are amphibious.
You can wear up to eight rings at the same time.
You can use your tentacles to constrict eight enemies at once.
Your skin changes colour to match your surroundings (Stealth+).
Your rubbery body absorbs attacks. (AC +1, EV +1)


Message History

The goblin shouts!
The quokka bites you. The quokka barely misses you.
You barely miss the quokka. Your grab misses the quokka.
The quokka is severely wounded.
The quokka closely misses you. The goblin hits you with a club.
You closely miss the goblin. Your grab misses the goblin.
You squeeze the goblin.
The goblin is heavily wounded.
The quokka bites you.
* * * LOW HITPOINT WARNING * * *
The goblin barely misses you.
Casting: Freeze
Confirm with . or Enter, or press ? or * to list all spells.
Aiming: Freeze
Press: ? - help, Shift-Dir - straight line, f/p - quokka
Aim: a quokka (severely wounded)
You freeze the quokka.
You kill the quokka!
The goblin hits you with a club.
You die...

## $#####
#.#####.# <#
#...# #.#
#.##.# #.#
#.####.####.#
#...........#
#.####.####.#
#.# #.#
#.####?####.#
#..g@.........
######.####...
#.# #.#. #$#
.#. #.# ..#
..# ..


You could see a goblin.

Vanquished Creatures
  A worm (D:2)
  2 dart slugs (D:1)
  A leopard gecko (D:2)
  5 bats
  6 hobgoblins
  2 jackals (D:2)
  A kobold (D:1)
  2 quokkas (D:2)
  2 ball pythons
  5 goblins
  6 rats
33 creatures vanquished.

Notes
Turn   | Place    | Note
-------+----------+-------------------------------------------
     0 | D:1      | inc the Octopode Ice Elementalist began the quest for the Orb.
     0 | D:1      | Reached XP level 1. HP: 11/11 MP: 3/3
   281 | D:1      | Reached XP level 2. HP: 6/17 MP: 1/5
   729 | D:1      | Reached skill level 4 in Ice Magic
   928 | D:2      | Reached XP level 3. HP: 18/21 MP: 6/6
  1280 | D:2      | Slain by a goblin

Skill      XL: |  1  2 |
---------------+-------+-----
Ice Magic      | 4 |  4.5
Dodging        | |  2.0
Stealth        | |  2.6
Spellcasting   | |  2.0
Conjurations   | |  1.0

Action                   || total
-------------------------++-------
Melee: Unarmed           ||    48
       Constrict         ||    22
       Tentacles         ||     9
 Cast: Freeze            ||    29
 Stab: Sleeping          ||     6
  Eat: Chunk             ||     1
Armor: Skin              ||     6
Dodge: Dodged            ||    53
